Map: Oxide LE

Players

Lambo

  • Race: Zerg Zerg

MarineLorD - Winner!

  • Race: Terran Terran
  • League: Master

Event: DreamHack SC2 Masters 2021 Fall

VOD

Have the link to the VOD?

Description

Time

  • Played on: Aug. 4, 2021, 1:56 p.m.
  • Length: 11:56

All games in this series

Show
View Real Time Build Order
Export as new Build Order

Lambo Zerg 

Build Orders: Hatch First 

Get SALT Encoding   

  12  0:00  Drone  
  13  0:12  Overlord  
  13  0:16  Drone  
  14  0:31  Drone x2  
  16  0:47  Hatchery  
  15  0:51  Drone  
  15  0:54  Drone  
  17  0:57  Drone  
  18  1:08  Extractor  
  17  1:13  Spawning Pool  
  17  1:16  Drone  
  17  1:19  Drone  
  18  1:28  Drone  
  19  1:39  Drone  
  20  1:53  Drone  
  21  1:59  Queen x2  
  21  2:00  Zergling x4  
  27  2:10  Drone  
  27  2:11  Overlord  
  27  2:14  Metabolic Boost  
  28  2:29  Drone x2  
  30  2:34  Drone x2  
  30  2:35  Queen  
  34  2:44  Drone, Overlord  
  35  2:52  Pneumatized Carapace  
  35  2:57  Drone  
  36  3:04  Drone x3  
  39  3:07  Overlord  
  39  3:11  Drone x2  
  41  3:18  Drone x2  
  42  3:31  Overlord  
  42  3:32  Queen, Hatchery  
  43  3:34  Drone  
  43  3:37  Overlord  
  43  3:39  Drone x2  
  46  3:43  Queen  
  46  3:45  Drone  
  46  3:48  Drone x2  
  51  3:52  Drone x2  
  53  3:56  Extractor  
  53  3:59  Drone x3  
  55  4:03  Drone  
  58  4:11  Lair  
  58  4:14  Overlord  
  58  4:16  Overlord  
  58  4:17  Zergling x4  
  58  4:21  Queen  
  58  4:22  Drone  
  58  4:23  Drone  
  62  4:30  Drone x4  
  66  4:39  Zergling x2  
  66  4:45  Drone x2  
  69  4:47  Spore Crawler  
  69  4:48  Spore Crawler, Drone x4  
  69  4:50  Spore Crawler  
  69  4:52  Baneling Nest  
  69  4:55  Zergling x2  
  70  5:01  Overlord  
  70  5:03  Queen  
  72  5:09  Zergling x10, Extractor  
  72  5:11  Extractor, Drone  
  76  5:16  Overlord  
  76  5:17  Drone x3  
  76  5:19  Overlord  
  77  5:24  Drone x4  
  72  5:32  Drone x2  
  70  5:37  Drone  
  70  5:41  Overseer  
  70  5:42  Drone x4  
  70  5:47  Drone x5  
  74  5:54  Drone  
  74  5:55  Drone, Evolution Chamber x2  
  74  5:58  Drone  
  74  6:02  Hatchery  
  74  6:04  Drone  
  75  6:05  Centrifical Hooks  
  75  6:09  Drone x2  
  77  6:13  Drone  
  77  6:14  Drone x2  
  77  6:15  Drone x3  
  77  6:16  Zergling x2  
  77  6:17  Zergling x2  
  85  6:21  Zergling x6  
  88  6:28  Zerg Melee Weapons Level 1, Zerg Ground Armor Level 1  
  88  6:29  Zergling x4  
  90  6:33  Zergling x2  
  90  6:34  Zergling x2  
  90  6:38  Zergling x2  
  92  6:40  Queen  
  92  6:43  Zergling x14  
  92  6:46  Baneling x4  
  92  6:47  Zergling x2, Baneling x3  
  101  6:48  Zergling x2  
  101  6:52  Zergling x6, Baneling x2  
  106  6:54  Overseer  
  106  6:59  Overseer  
  106  7:05  Zergling x6, Hatchery  
  106  7:14  Drone x3  
  106  7:15  Drone x7  
  116  7:19  Zergling x6  
  119  7:25  Overlord  
  117  7:32  Drone x2  
  119  7:38  Overlord x2  
  119  7:43  Hatchery  
  113  7:49  Overlord  
  113  7:50  Drone x5  
  113  7:51  Spore Crawler, Drone  
  116  7:52  Zergling x10  
  120  8:01  Zergling x16  
  120  8:02  Baneling x5, Infestation Pit  
  120  8:04  Drone  
  120  8:05  Queen  
  128  8:07  Hatchery  
  128  8:09  Zergling x10  
  132  8:13  Zergling x2  
  132  8:14  Zergling x2  
  132  8:18  Zergling x2  
  130  8:20  Overseer  
  130  8:21  Zergling x10  
  130  8:24  Zergling x10  
  137  8:29  Zergling x6  
  137  8:31  Zergling x2  
  140  8:37  Zergling x8  
  140  8:38  Baneling x2  
  140  8:39  Baneling x6  
  140  8:40  Zergling x10  
  149  8:45  Zergling x2  
  144  8:51  Zergling x6  
  144  8:52  Zergling x6, Baneling  
  144  8:53  Baneling x8  
  144  8:54  Zerg Melee Weapons Level 2, Zerg Ground Armor Level 2  
  148  8:58  Zergling x2  
  148  8:59  Zergling x8  
  147  9:04  Hive  
  147  9:06  Zergling x12  
  141  9:10  Zergling x10  
  144  9:21  Zergling x4  
  137  9:28  Queen x2  
  140  9:32  Overlord  
  140  9:33  Zergling x2  
  140  9:34  Baneling x10, Hatchery  
  140  9:37  Baneling x2  
  140  9:38  Overlord  
  140  9:42  Overlord  
  140  9:45  Overlord  
  140  9:48  Queen  
  140  9:50  Queen, Zergling x18  
  147  9:56  Zergling x14  
  151  10:03  Zergling x16  
  151  10:04  Queen  
  151  10:06  Overseer  
  161  10:07  Zergling x8, Hatchery  
  161  10:09  Baneling x4, Overseer  
  161  10:12  Zergling x4  
  161  10:14  Zergling x2  
  161  10:15  Zergling x4  
  161  10:17  Zergling x6  
  161  10:18  Zergling x2  
  161  10:19  Zergling x2  
  150  10:22  Zergling x4  
  150  10:23  Baneling x6  
  145  10:28  Zergling x2  
  145  10:29  Zergling x12  
  145  10:34  Zergling x2  
  151  10:38  Queen x2  
  151  10:42  Zergling x10  
  159  10:43  Zergling x2, Baneling  
  159  10:44  Baneling  
  159  10:47  Overlord  
  159  10:48  Zergling x6  
  150  10:50  Baneling x5  
  150  10:52  Zergling x2  
  150  10:55  Zergling x8  
  149  10:59  Zergling x10  
  149  11:00  Zergling x2  
  149  11:04  Zergling x2  
  149  11:05  Zergling x6  
  149  11:08  Zergling x4  
  149  11:11  Zergling x12  
  146  11:15  Zergling x10  
  149  11:20  Baneling x8, Drone  
  150  11:29  Baneling x3  
  150  11:31  Zergling x4  
  146  11:33  Zergling x4  
  146  11:37  Zergling x10  
  146  11:39  Baneling x4  
Show
View Real Time Build Order
Export as new Build Order

MarineLorD Terran - Winner!

Build Orders: Reaper Expand, Hellion Banshee 

Get SALT Encoding   

  12  0:00  SCV  
  13  0:12  SCV  
  14  0:17  Supply Depot  
  14  0:24  SCV  
  15  0:38  SCV  
  15  0:40  Barracks  
  16  0:43  Refinery  
  16  0:50  SCV  
  17  1:02  SCV  
  18  1:14  SCV  
  19  1:27  Reaper, Orbital Command  
  20  1:39  Command Center  
  20  1:50  Supply Depot  
  20  1:52  SCV  
  21  1:59  Marine  
  22  2:04  SCV  
  23  2:13  Factory  
  23  2:16  SCV  
  23  2:21  Barracks Reactor  
  24  2:28  SCV  
  25  2:40  SCV  
  26  2:47  Command Center  
  26  2:52  Orbital Command  
  26  2:53  SCV  
  27  3:01  Starport  
  27  3:06  SCV  
  27  3:10  Refinery  
  28  3:18  SCV  
  29  3:23  Barracks Tech Lab, Hellion x2  
  29  3:25  SCV  
  34  3:30  SCV  
  35  3:37  SCV  
  36  3:42  SCV  
  36  3:44  Hellion  
  36  3:45  Hellion  
  36  3:46  Cloaking Field  
  41  3:49  SCV  
  41  3:53  Marine  
  41  3:54  SCV  
  44  3:58  Banshee  
  44  4:00  Orbital Command  
  44  4:01  SCV  
  48  4:07  Hellion x2  
  52  4:11  Barracks Tech Lab  
  52  4:12  SCV  
  52  4:13  SCV  
  54  4:20  Supply Depot  
  54  4:24  SCV  
  54  4:25  SCV  
  54  4:26  SCV  
  54  4:28  Hellion x2  
  54  4:30  Stimpack  
  61  4:36  Supply Depot  
  61  4:41  Marine, SCV x3  
  61  4:43  Supply Depot, Banshee  
  68  4:52  Orbital Command  
  68  4:54  SCV  
  68  4:56  Factory Reactor  
  68  4:58  SCV, Barracks x2  
  70  5:00  Supply Depot  
  70  5:04  Marine  
  70  5:06  SCV  
  72  5:07  Supply Depot  
  72  5:10  SCV  
  72  5:11  Engineering Bay  
  72  5:12  Engineering Bay  
  72  5:14  Refinery x2  
  73  5:19  SCV  
  74  5:22  Marine  
  74  5:26  SCV  
  76  5:29  SCV  
  71  5:39  Marine  
  71  5:42  SCV x3  
  64  5:43  Barracks  
  64  5:44  Barracks  
  64  5:46  Terran Infantry Armor Level 1, Terran Infantry Weapons Level 1  
  64  5:48  Starport Reactor  
  64  5:50  Factory Reactor  
  64  5:54  SCV  
  64  5:55  Marine x2  
  67  5:59  SCV x2  
  69  6:04  Marine x2  
  69  6:07  SCV  
  69  6:10  Combat Shield  
  72  6:11  Supply Depot, SCV x2  
  72  6:12  Marine, Supply Depot  
  72  6:16  Supply Depot  
  75  6:19  SCV  
  75  6:20  Marine x2  
  75  6:22  Marine x2  
  75  6:23  SCV x2  
  82  6:26  Medivac x2  
  82  6:27  Widow Mine x2  
  82  6:30  Marine  
  82  6:32  Bunker, SCV  
  92  6:35  SCV  
  92  6:36  Barracks Reactor, SCV  
  92  6:38  Marine x2  
  96  6:40  Marine x2, Barracks Reactor  
  96  6:45  Factory  
  96  6:46  Refinery, SCV  
  99  6:48  Marine, SCV, Armory  
  101  6:55  Widow Mine x2  
  101  6:56  Marine x2  
  101  6:58  Marine x2  
  109  7:03  SCV x2  
  109  7:06  Marine  
  109  7:07  Command Center  
  112  7:10  Medivac x2  
  112  7:13  Marine x3  
  112  7:14  Marine  
  120  7:15  Marine  
  120  7:16  Marine  
  120  7:18  Marine x2  
  123  7:24  Marine  
  124  7:31  Marine, Supply Depot  
  124  7:32  Supply Depot  
  124  7:33  Supply Depot x3  
  125  7:40  Marine  
  125  7:42  Marine x2  
  125  7:47  Widow Mine  
  125  7:48  Terran Infantry Armor Level 2, Terran Infantry Weapons Level 2  
  125  7:53  Marine x6, Widow Mine  
  125  7:54  Widow Mine  
  125  7:57  Drilling Claws  
  135  7:58  Marine  
  135  7:59  Terran Vehicle And Ship Armor Level 1  
  135  8:00  Marine x2  
  138  8:11  Marine x6  
  144  8:13  Widow Mine  
  144  8:15  Widow Mine  
  144  8:16  Marine  
  144  8:18  Marine x2  
  151  8:21  Widow Mine  
  153  8:28  Marine x6  
  157  8:34  Marine, Widow Mine  
  157  8:36  Marine x2  
  157  8:38  Barracks  
  157  8:39  Barracks  
  157  8:41  Barracks  
  162  8:46  Marine x6  
  159  8:49  Widow Mine x2  
  159  8:52  Marine  
  159  8:54  Marine x2  
  166  9:02  Widow Mine  
  168  9:04  Marine x6  
  168  9:09  Marine  
  173  9:11  Widow Mine x2  
  173  9:12  Marine x2  
  173  9:15  Planetary Fortress  
  180  9:20  Medivac  
  180  9:21  SCV  
  180  9:22  Marine x6, SCV  
  180  9:23  Widow Mine  
  171  9:27  Marine  
  171  9:29  Marine x2  
  171  9:30  Barracks Tech Lab x3  
  173  9:37  Widow Mine x2  
  177  9:40  Marine  
  177  9:41  Supply Depot x2  
  177  9:42  Supply Depot  
  177  9:43  Marine  
  177  9:44  Marine  
  177  9:45  Command Center  
  180  9:56  Marine x3  
  180  10:02  Marine x2, Medivac  
  180  10:03  Marine x2, Marauder x3  
  192  10:11  Marine x2  
  183  10:17  Marine x2  
  183  10:19  Marine  
  183  10:20  Marine  
  170  10:21  Marine x3  
  170  10:23  Marine x2  
  170  10:24  Marine  
  170  10:25  Widow Mine x2  
  176  10:29  Marine x2  
  176  10:34  Liberator x2  
  182  10:40  Marauder  
  182  10:42  Marine x2, Marauder x3  
  188  10:46  Marine x2  
  188  10:48  Marine x2  
  192  10:51  Widow Mine x2  
  196  10:58  Marine x2  
  196  11:00  Marine x2  
  196  11:04  Marine  
  181  11:12  Marauder x2  
  181  11:16  Ghost Academy  
  181  11:17  Marine x3, Medivac, Marauder  
  181  11:18  Marine x2  
  193  11:25  Command Center  
  191  11:37  Marine  

Tags
 
Add a new tag
Caveats
  • Supply blocks, unpowered buildings, or Contaminate may cause inaccurate times.
  • Supply counts are checked every 10 seconds.